 Dungeon Crawl Stone Soup version 0.30-a0-782-ge64f9170bb (webtiles) character file.

Game seed: 8610582724122789996

5725 mopl the Prestidigitator (level 10, -27/55 (56) HPs)
             Began as an Octopode Hedge Wizard on Feb 22, 2023.
             Killed from afar by a deep elf pyromancer (28 damage)
             ... with a bolt of fire
             ... on level 8 of the Dungeon.
             The game lasted 00:22:11 (9749 turns).

mopl the Prestidigitator (Octopode Hedge Wizard)    Turns: 9749, Time: 00:22:12

HP:   -27/55 (56)   AC:  2    Str:  9    XL:     10   Next: 77%
MP:   1/21          EV: 12    Int: 21    God:
Gold: 330           SH:  5    Dex: 12    Spells: 14/24 levels left

rFire   . . .      SeeInvis .    a - +1 dagger (venom)
rCold   . . .      Faith    .    w - +0 buckler
rNeg    . . .      Spirit   .    i - +1 hat
rPois   .          Reflect  .    (no amulet)
rElec   .          Harm     .    x - ring of wizardry
rCorr   .          Rampage  .    (no ring)
Will    .....                    (no ring)
Stlth   +++                      (no ring)
HPRegen 0.29/turn                (no ring)
MPRegen 0.17/turn                (no ring)
                                 (no ring)
                                 (no ring)

@: about to teleport, lightly drained
A: almost no armour, amphibious, 8 rings, camouflage 1, gelatinous body 1,
(nimble swimmer 1), tentacles
a: no special abilities


You were on level 8 of the Dungeon.
You visited 2 branches of the dungeon, and saw 10 of its levels.

You collected 330 gold pieces.

Inventory:

Hand Weapons
 a - a +1 dagger of venom (weapon)
Missiles
 v - 3 atropa-tipped darts
 B - 2 javelins
 E - 11 poisoned darts
 F - 2 boomerangs
Armour
 i - a +1 hat (worn)
 w - a +0 buckler (worn)
Magical Staves
 b - a staff of poison
Jewellery
 x - a ring of wizardry (left tentacle)
Wands
 s - a wand of light (7)
 C - a wand of paralysis (5)
Scrolls
 c - 3 scrolls of fear
 g - a scroll of teleportation
 j - 4 scrolls of enchant armour
 k - a scroll of vulnerability
 l - 2 scrolls of blinking {unknown}
 p - 2 scrolls of magic mapping
 t - a scroll of amnesia {unknown}
 u - 2 scrolls of poison {unknown}
 y - a scroll of noise {unknown}
 z - 4 scrolls of enchant weapon {unknown}
 D - a scroll of identify
Potions
 d - a potion of heal wounds
 e - 4 potions of lignification {!q}
 f - 2 potions of might
 h - a potion of brilliance
 m - 3 potions of flight {unknown}
 n - 2 potions of curing {unknown}
 o - 2 potions of invisibility {unknown}
 q - a potion of cancellation {unknown}
 r - a potion of berserk rage {!q}
 A - 2 potions of mutation {unknown}
 H - a potion of ambrosia {unknown}


   Skills:
 - Level 2.0 Dodging
 - Level 2.6 Stealth
 - Level 5.0 Shields
 + Level 7.8 Spellcasting
 + Level 7.9 Conjurations
 - Level 1.0 Summonings
 - Level 4.0 Translocations
 - Level 6.0 Poison Magic
 + Level 8.3 Evocations


You had 14 spell levels left.
You knew the following spells:

 Your Spells              Type           Power      Damage    Failure   Level
a - Magic Dart            Conj           100%       1d8       1%          1
c - Mephitic Cloud        Conj/Pois/Air  27%        N/A       1%          3
e - Blink                 Tloc           50%        N/A       1%          2
o - Olgreb's Toxic Radia  Pois           33%        N/A       3%          4

Your spell library contained the following spells:

 Spells                   Type           Power      Damage    Failure   Level
 Sting                    Tmut/Pois      80%        1d7       1%          1
 Poisonous Vapours        Pois/Air       40%        N/A       1%          2
 Cigotuvi's Dreadful Rot  Necr/Pois/Air  32%        N/A       2%          2
 Slow                     Hex            32%        N/A       4%          1
 Call Imp                 Summ           12%        N/A       4%          2


Dungeon Overview and Level Annotations

Branches:
Dungeon (9/15)             Temple (1/1) D:7            Lair (0/5) D:8
    Orc: D:9-12

Altars:
Ashenzari
Cheibriados
Dithmenos
Fedhas
Gozag
Hepliaklqana
Kikubaaqudgha
Makhleb
Nemelex Xobeh
Okawaru
Qazlal
Ru
Trog
Uskayaw
Wu Jian
Xom
Yredelemnul
Zin
The Shining One
Lugonu

Shops:
D:3 (   D:5 [   D:8 (

Annotations:
D:3 2 transporters, Notanamesir's ghost, amateur KoBr
D:5 2 transporters, pedritolo's ghost, novice MiBe
D:8 1 runed translucent door, rlgrobin's ghost, novice MeFi


Innate Abilities, Weirdness & Mutations

You cannot wear most types of armour.
You are amphibious.
You can wear up to eight rings at the same time.
Your skin changes colour to match your surroundings (Stealth+).
Your rubbery body absorbs attacks. (AC +1, EV +1)
((You are camouflaged when in or above water. (Stealth+)))
You have tentacles for arms and can constrict up to eight enemies at once.


Message History

The deep elf pyromancer is engulfed in noxious fumes.
The centaur warrior is engulfed in noxious fumes.
Unknown command.
Unknown command.
Okay, then.
The centaur warrior seems less confused.
The centaur warrior hits you. The centaur warrior kicks you.
The deep elf pyromancer is engulfed in noxious fumes.
The centaur warrior hits you. The centaur warrior barely misses you.
You are too injured to fight recklessly!
You hit the centaur warrior.
Your squeeze misses the centaur warrior.
The centaur warrior is severely wounded.
The centaur warrior hits you but does no damage.
The centaur warrior kicks you.
You block the deep elf pyromancer's attack.
The centaur warrior hits you. The centaur warrior kicks you.
As you read the scroll of teleportation, it crumbles to dust.
You feel strangely unstable.
The deep elf pyromancer seems less confused.
The boulder beetle is engulfed in noxious fumes.
The boulder beetle appears confused.
You block the deep elf pyromancer's attack.
The centaur warrior hits you.
* * * LOW HITPOINT WARNING * * *
The centaur warrior closely misses you.
Unknown command.
Aiming: Bolt of Light
Press: ? - help, Shift-Dir - straight line, f - deep elf pyromancer
Aim: a deep elf pyromancer, wielding a +0 rapier (moderately wounded, 64% to hit)
The bolt of light hits the deep elf pyromancer!
The deep elf pyromancer is heavily wounded.
The deep elf pyromancer is blinded.
The centaur warrior hits you!
* * * LOW HITPOINT WARNING * * *
The centaur warrior kicks you.
* * * LOW HITPOINT WARNING * * *
The deep elf pyromancer points at you and mumbles some strange words.
The bolt of fire hits you!!
Ouch! That really hurt!
You die...

.#..........##........,*,,,,#....
.##.........##...[....,*,,,,#....
.....#...#####).......,*,,,,#[...
#####.#..#####[)(.....,*,,,,#....
#(#......#'##############'###
#.##.....#.°.......#8...[....
#.......##○B....)..#..[......
#######.##..e......#.........
#.##.c@......'........8
#.##################### #.# #.#
#.# #.# #########[####.### #####
###................# #....
......############.# #.###
###...# #.# #.# ##### #.# #.#


You could see a boulder beetle (confused), a centaur warrior (very poisoned) and
a deep elf pyromancer (blind).

Vanquished Creatures
  A centaur warrior (D:8)
  A death yak (D:8)
  A troll (D:8)
  A hornet (D:7)
  A meliai (D:8)
  Prince Ribbit (D:8)
  2 steam dragons (D:8)
  Edmund (D:6)
  A water moccasin (D:8)
  An acid dragon (D:9)
  2 orc warriors (D:8)
  An ice beast (D:8)
  2 sky beasts (D:7)
  4 black bears
  2 centaurs (D:8)
  An ogre (D:5)
  A phantom (D:6)
  3 kobold brigands
  3 bullfrogs
  A gnoll sergeant (D:6)
  A necrophage (D:6)
  2 scorpions
  10 wights
  2 howler monkeys
  2 jellies
  An orc priest (D:7)
  A gnoll bouda (D:7)
  7 iguanas
  7 orc wizards
  6 adders
  17 gnolls
  2 shadow imps
  2 white imps (D:8)
  An ufetubus (D:4)
  A worm (D:2)
  2 dart slugs
  20 orcs
  5 endoplasms
  5 giant cockroaches
  8 hobgoblins
  6 jackals
  3 quokkas (D:4)
  6 ball pythons
  4 bats
  3 frilled lizards
  5 goblins
  14 kobolds
  4 rats
178 creatures vanquished.

Vanquished Creatures (others)
  7 plants (D:1)
7 creatures vanquished.

Grand Total: 185 creatures vanquished

Notes
Turn   | Place    | Note
-------+----------+-------------------------------------------
     0 | D:1      | mopl the Octopode Hedge Wizard began the quest for the Orb.
     0 | D:1      | Reached XP level 1. HP: 11/11 MP: 4/4
   185 | D:1      | Reached XP level 2. HP: 17/17 MP: 1/6
   188 | D:1      | Learned a level 2 spell: Blink
   233 | D:1      | Found a faded altar of an unknown god.
   783 | D:2      | Reached XP level 3. HP: 21/21 MP: 0/7
   787 | D:2      | Learned a level 3 spell: Mephitic Cloud
  1081 | D:2      | Reached skill level 2 in Conjurations
  1081 | D:2      | Reached skill level 2 in Translocations
  1271 | D:2      | Reached skill level 1 in Poison Magic
  1271 | D:2      | Reached XP level 4. HP: 27/27 MP: 3/9
  1407 | D:2      | Reached skill level 1 in Evocations
  1826 | D:3      | You fall into a shaft and drop 2 floors!
  1826 | D:5      | Entered Level 5 of the Dungeon
  2035 | D:4      | Noticed a black bear
  2046 | D:4      | Found a stormy altar of Qazlal.
  2072 | D:4      | Reached XP level 5. HP: 8/31 MP: 0/10
  2075 | D:4      | Killed a black bear
  2076 | D:4      | Reached skill level 2 in Poison Magic
  2361 | D:5      | Reached skill level 2 in Evocations
  2484 | D:4      | Reached skill level 4 in Spellcasting
  2484 | D:4      | Reached XP level 6. HP: 36/36 MP: 2/12
  2780 | D:3      | Noticed Notanamesir's ghost (amateur KoBr)
  2781 | D:3      | Found a transporter.
  2784 | D:3      | Found a transporter.
  2909 | D:3      | Reached skill level 3 in Conjurations
  2958 | D:3      | Found Ydy Sus's Weapon Shop.
  3208 | D:3      | Reached skill level 3 in Translocations
  3771 | D:5      | Noticed a black bear
  3783 | D:5      | Killed a black bear
  3784 | D:5      | Reached skill level 3 in Poison Magic
  3784 | D:5      | Reached XP level 7. HP: 39/41 MP: 6/13
  3890 | D:5      | Reached skill level 3 in Evocations
  4026 | D:5      | Learned a level 4 spell: Olgreb's Toxic Radiance
  4421 | D:5      | Noticed pedritolo's ghost (novice MiBe)
  4426 | D:5      | Found a transporter.
  4505 | D:5      | Found Gilgamesh's Dragon-Slaying Spoils.
  4597 | D:5      | Found a transporter.
  5018 | D:5      | Reached skill level 4 in Poison Magic
  5185 | D:6      | Reached skill level 4 in Conjurations
  5185 | D:6      | Reached skill level 4 in Translocations
  5185 | D:6      | Reached XP level 8. HP: 44/46 MP: 10/15
  5457 | D:6      | Reached skill level 4 in Evocations
  5483 | D:6      | Reached skill level 5 in Spellcasting
  5644 | D:6      | Found a sacrificial altar of Ru.
  5650 | D:6      | Noticed Edmund
  5670 | D:6      | Killed Edmund
  5671 | D:6      | Reached skill level 5 in Poison Magic
  6116 | D:6      | Found an iron altar of Okawaru.
  6539 | D:7      | Reached skill level 1 in Shields
  6539 | D:7      | Reached skill level 5 in Conjurations
  6539 | D:7      | Reached skill level 5 in Evocations
  6544 | D:7      | Found a sparkling altar of Nemelex Xobeh.
  6686 | D:7      | Found a shimmering altar of Xom.
  6695 | D:7      | Reached XP level 9. HP: 40/51 MP: 11/17
  6782 | D:7      | Reached skill level 2 in Shields
  6803 | D:7      | Reached skill level 6 in Poison Magic
  6913 | D:7      | Found an ancient bone altar of Kikubaaqudgha.
  6927 | D:7      | Found an opulent altar of Gozag.
  6993 | D:7      | Found a shadowy altar of Dithmenos.
  6999 | D:7      | Found a burning altar of Makhleb.
  7002 | D:7      | Found a bloodstained altar of Trog.
  7107 | D:7      | Noticed a hornet
  7114 | D:7      | Killed a hornet
  7120 | D:7      | Reached skill level 6 in Spellcasting
  7252 | D:7      | Found a staircase to the Ecumenical Temple.
  7261 | D:7      | Reached skill level 3 in Shields
  7275 | Temple   | Entered the Ecumenical Temple
  7536 | D:8      | Reached skill level 6 in Evocations
  7598 | D:8      | Reached skill level 6 in Conjurations
  7713 | D:8      | Found a staircase to the Lair.
  7713 | D:8      | Noticed a death yak
  7713 | D:8      | Noticed a death yak
  7713 | D:8      | Noticed a death yak
  8147 | D:8      | Killed a death yak
  8148 | D:8      | Reached skill level 4 in Shields
  8148 | D:8      | Reached XP level 10. HP: 46/56 MP: 1/20
  8340 | D:8      | Found a runed translucent door.
  8341 | D:8      | Noticed rlgrobin's ghost (novice MeFi)
  8342 | D:8      | Noticed a death knight
  8352 | D:8      | Found Ighituf's Weapon Shop.
  8364 | D:8      | Found a broken altar of Ashenzari.
  8367 | D:8      | Reached skill level 7 in Evocations
  8386 | D:8      | Noticed Prince Ribbit
  8395 | D:8      | Killed Prince Ribbit
  8717 | D:9      | Reached skill level 7 in Spellcasting
  9019 | D:8      | Reached skill level 7 in Conjurations
  9206 | D:8      | Reached skill level 5 in Shields
  9298 | D:8      | Noticed a centaur warrior
  9298 | D:8      | Noticed a centaur warrior
  9299 | D:8      | Noticed a deep elf pyromancer
  9523 | D:8      | Killed a centaur warrior
  9524 | D:8      | Reached skill level 8 in Evocations
  9745 | D:8      | Noticed a boulder beetle
  9749 | D:8      | HP: 1/55 [centaur warrior (3)]
  9749 | D:8      | Killed from afar by a deep elf pyromancer

Illustrated notes

Levels and vault maps discovered:
D:1:      dpeg_arrival_rooms_with_view, layout_loops_ring,
          hellmonk_ecumenical_altar_lost_god, serial_bayou_pond_c
D:2:      wander_river, layout_basic
D:3:      layout_basic, serial_rivers, chequers_serial_rivers_small_3,
          chequers_serial_rivers_micro_c, chequers_serial_rivers_large_a,
          chequers_serial_rivers_small_b, chequers_serial_rivers_room_a,
          serial_shops, shop, gammafunk_ghost_smash
D:4:      layout_rooms, mainiacjoe_overflow_brackets
D:5:      layout_cave_pools, gammafunk_ghost_abyssal_escape,
          nicolae_shop_dragon_depot, hex_large
D:6:      layout_layer_cave, okawaru_metal_pillars_1_2,
          nicolae_ru_great_annihilating_truth, uniq_edmund
D:7:      layout_rooms, mainiacjoe_overflow_catwalk, kiku_gazebo_garden_becter,
          mainiacjoe_overflow_concentric_impassable, grunt_gozag_statues,
          minmay_overflow_temple_star_quad, minmay_temple_entry_fiery
D:8:      minmay_klotski, layout_loops_ring, ashenzari_altar_1,
          dpeg_lair_monsters, serial_shops, shop, ebering_ghost_inner_flame,
          uniq_prince_ribbit1
D:9:      layout_basic, amcnicky_altar_gilded, nicolae_benzene_ring
Temple:   corrupted_temple

Skill      XL: |  1  2  3  4  5  6  7  8  9 10 |
---------------+-------------------------------+-----
Conjurations   | 2 3 4 5 6 7 |  7.9
Translocations | 2 3 4 |  4.0
Poison Magic   | 1 2 3 4 5 6 |  6.0
Evocations     | 1 2 3 5 6 8 |  8.3
Spellcasting   | 4 5 6 7 |  7.8
Shields        | 1 4 5 |  5.0
Dodging        | |  2.0
Stealth        | |  2.6
Summonings     | |  1.0

Action                     |  1- 3 |  4- 6 |  7- 9 | 10-12 || total
---------------------------+-------+-------+-------+-------++-------
  Melee: Dagger            |    31 |    75 |    79 |    36 ||   221
         Constrict         |     8 |    20 |    40 |    10 ||    78
         Tentacles         |     8 |    17 |    43 |    21 ||    89
         Staff             |       |       |    59 |    24 ||    83
         Punch             |       |       |     4 |     1 ||     5
  Throw: Dart              |       |       |       |     1 ||     1
   Cast: Magic Dart        |    55 |    60 |   102 |    40 ||   257
         Mephitic Cloud    |       |     5 |    11 |     7 ||    23
         Olgreb's Toxic Ra |       |       |    20 |    16 ||    36
         Blink             |       |       |     1 |       ||     1
  Evoke: Wand              |       |       |       |     7 ||     7
    Use: Scroll            |       |     6 |     2 |     4 ||    12
         Potion            |       |     1 |       |       ||     1
   Stab: Sleeping          |     2 |     3 |     1 |     1 ||     7
         Confused          |       |       |     4 |       ||     4
         Paralysed         |       |       |       |     7 ||     7
 Armour: Skin              |     3 |     7 |    17 |     6 ||    33
  Dodge: Dodged            |    21 |    88 |    78 |    29 ||   216
  Block: Buckler           |       |       |    13 |    15 ||    28

Table legend: (Time is in decaauts)
 A = Elapsed time spent in this place.
 B = Non-inter-level travel time spent in this place.
 C = Inter-level travel time spent in this place.
 D = Time resting spent in this place.
 E = Time spent auto-exploring this place.
 F = Levels seen in this place.
 G = Mean time per level.
                   A        B        C        D        E       F      G
               +--------+--------+--------+--------+--------+-----+--------+
         Total |   9767 |   9384 |    383 |   2915 |   4594 |  10 |  976.7 |
       Dungeon |   9726 |   9355 |    371 |   2915 |   4572 |   9 | 1080.7 |
        Temple |     40 |     28 |     12 |      0 |     22 |   1 |   40.0 |
               +--------+--------+--------+--------+--------+-----+--------+

Top non-repeatable levels by time:
     D:8: 2119 daAuts
     D:6: 1935 daAuts
     D:5: 1490 daAuts
     D:2: 947 daAuts
     D:3: 901 daAuts
     D:1: 804 daAuts
     D:7: 745 daAuts
     D:4: 691 daAuts
     D:9: 91 daAuts
  Temple: 40 daAuts
